AoeStats
← Kulishaak

Arena

503960452Analyzed
1v1 RM · 1mo ago on Sep 3, 2026· 51m 50s· 2 players
Game mode
Random Map
Map size
Tiny (2 player)
Population
200
Speed
Normal
Resources
Standard
Victory
Conquest
Starting age
Dark Age
Ending age
Imperial Age
RankedLock teamsTeams togetherTeam positionsShared explorationLock speedFull tech treeHidden civsTurbo modeCheats
Victory
Defeat
🇨🇿 Bohemians · Czechia
1128
+17
🇸🇰 Mongols · Slovakia
1160
-17
Kulishaak
1:22 Loom
10:37 Feudal Age
14:54 Castle Age
13:33 Double-Bit Axe
24:57 Fletching
25:38 Fervor
25:35 Treadmill Crane
32:27 Chemistry
32:15 Wheelbarrow
32:17 Wagenburg Tactics
32:26 Bodkin Arrow
32:50 Town Watch
38:33 Imperial Age
35:54 Pikeman
36:35 Squires
36:37 Scale Mail Armor
36:58 Bow Saw
36:31 Horse Collar
37:16 Sanctity
37:48 Hand Cart
39:17 Heavy Plow
40:29 Chemistry
39:48 Chain Mail Armor
39:34 Halberdier
42:32 Masonry
44:47 Forging
44:38 Elite Skirmisher
45:20 Bracer
46:21 Plate Mail Armor
46:31 Ballistics
46:13 Padded Archer Armor
47:25 Siege Engineers
48:27 Leather Archer Armor
49:20 Architecture
48:23 Houfnice
48:29 Elite Hussite Wagon
49:30 Conscription
52:47 Ring Archer Armor
52:53 Iron Casting
martinjanos1
10:15 Feudal Age
11:29 Double-Bit Axe
14:14 Castle Age
15:17 Bow Saw
15:15 Horse Collar
16:28 Wheelbarrow
16:16 Gold Mining
22:13 Heavy Plow
26:29 Forging
26:20 Scale Mail Armor
27:23 Loom
27:57 Scale Barding Armor
28:28 Iron Casting
31:05 Imperial Age
29:15 Husbandry
29:25 Fletching
31:13 Bloodlines
31:44 Bodkin Arrow
35:44 Light Cavalry
37:16 Hand Cart
44:29 Gold Shaft Mining
44:52 Bracer
44:53 Padded Archer Armor
46:26 Thumb Ring
48:04 Elite Mangudai
49:09 Conscription
49:18 Conscription
48:29 Hussar
50:15 Padded Archer Armor
50:50 Ballistics
51:31 Chemistry
51:00 Bracer
51:16 Leather Archer Armor
52:39 Parthian Tactics
Connection lost

Rejoining the realm…

Still unreachable

The connection could not be restored.

Session expired

The server has moved on; the page needs a fresh start.